 Dungeon Crawl Stone Soup version 0.30-a0-859-gf88a04b (webtiles) character file.

Game seed: 13578587190558664381

26366 perr the Thaumaturge (level 12, -3/133 HPs)
             Began as a Purple Draconian Transmuter on Mar 3, 2023.
             Was a High Priest of Cheibriados.
             Slain by a boulder beetle (16 damage)
             ... on level 12 of the Dungeon on Mar 6, 2023.
             The game lasted 00:24:51 (17043 turns).

perr the Thaumaturge (Purple Draconian Transmuter) Turns: 17043, Time: 00:24:53

Health: -3/133     AC: 11    Str: 23    XL:     12   Next: 97%
Magic:  28/28      EV: 13    Int: 35    God:    Cheibriados [*****.]
Gold:   1512       SH:  0    Dex: 24    Spells: 29/36 levels left

rFire   x . .      SeeInvis .      - Unarmed
rCold   + + +      Faith    .    (shield currently unavailable)
rNeg    . . .      Spirit   .    (body armour unavailable)
rPois   +          Reflect  .    i - melded +2 hat
rElec   .          Rampage  .    H - melded +1 cloak
rCorr   +                        (gloves currently unavailable)
Will    +....                    (boots currently unavailable)
Stlth   ++                       (no amulet)
HPRegen 0.42/turn                y - ring of resist corrosion
MPRegen 0.21/turn                k - +6 ring of intelligence

@: about to teleport, ice-form, very slow
A: freezing attack, amphibious, boosted hp, (breathe power), AC +8, large,
unfitting armour, (cold-blooded)
a: End Transformation, Renounce Religion, Bend Time, Temporal Distortion,
Slouch, Step From Time


You were on level 12 of the Dungeon.
You worshipped Cheibriados.
Cheibriados was extremely pleased with you.
You were a creature of crystalline ice.
You visited 3 branches of the dungeon, and saw 15 of its levels.

You collected 1512 gold pieces.

Inventory:

Armour
 i - a +2 hat (melded)
 C - a +0 buckler
 F - a +0 kite shield
 H - a +1 cloak (melded)
Jewellery
 b - a ring of fire
 c - a ring of fire
 f - a ring of wizardry
 k - a +6 ring of intelligence (right front paw)
 p - a ring of flight
 t - a ring of magical power
 x - a ring of protection from cold
 y - a ring of resist corrosion (left front paw)
 G - a +4 ring of protection
Wands
 h - a wand of mindburst (2)
 m - a wand of flame (24)
 v - a wand of charming (9)
 E - a wand of iceblast (3)
Scrolls
 d - 4 scrolls of identify
 g - 2 scrolls of magic mapping
 l - 6 scrolls of teleportation
 o - a scroll of fog
 q - a scroll of vulnerability
 u - a scroll of blinking
 w - a scroll of butterflies {unknown}
 B - a scroll of fear
Potions
 a - 3 potions of lignification
 e - 3 potions of flight
 j - a potion of attraction
 n - 2 potions of haste
 r - 3 potions of mutation
 s - a potion of ambrosia
 z - 2 potions of curing
 A - 2 potions of might
 D - a potion of berserk rage
 J - a potion of resistance


   Skills:
 + Level 11.6 Fighting
 + Level 5.1 Dodging
 + Level 11.1 Unarmed Combat
 + Level 12.6 Spellcasting
 + Level 10.9 Transmutations


You had 29 spell levels left.
You knew the following spells:

 Your Spells              Type           Power      Damage    Failure   Level
b - Spider Form           Tmut/Pois      57%        N/A       1%          3
c - Ice Form              Ice/Tmut       57%        N/A       1%          4

Your spell library contained the following spells:

 Spells                   Type           Power      Damage    Failure   Level
 Beastly Appendage        Tmut           100%       N/A       1%          1
 Summon Small Mammal      Summ           88%        N/A       1%          1
 Wereblood                Tmut           78%        N/A       1%          2
 Cigotuvi's Dreadful Rot  Necr/Pois/Air  44%        N/A       3%          2
 Call Canine Familiar     Summ           22%        N/A       6%          3
 Frozen Ramparts          Ice            44%        1d7       6%          3
 Summon Guardian Golem    Hex/Summ       22%        N/A       6%          3
 Dispel Undead            Necr           22%        3d12      19%         4
 Summon Ice Beast         Ice/Summ       22%        N/A       19%         4
 Summon Mana Viper        Hex/Summ       22%        N/A       47%         5
 Death Channel            Necr           11%        N/A       96%         6
 Monstrous Menagerie      Summ           11%        N/A       100%        7


Dungeon Overview and Level Annotations

Branches:
Dungeon (12/15)            Temple (1/1) D:7            Lair (2/5) D:8
  Swamp (0/4) Lair:2        Snake (0/4) Lair:2          Orc (0/2) D:11

Altars:
Ashenzari
Cheibriados
Dithmenos
Elyvilon
Fedhas
Gozag
Hepliaklqana
Kikubaaqudgha
Makhleb
Nemelex Xobeh
Okawaru
Qazlal
Ru
Sif Muna
Trog
Uskayaw
Vehumet
Wu Jian
Xom
Yredelemnul
Zin
The Shining One

Annotations:
D:10 1 runed translucent door, Boromir's ghost, journeyman MiFi


Innate Abilities, Weirdness & Mutations

You are a creature of crystalline ice.
You have a powerful freezing melee attack.
You are amphibious.
Your maximum health is increased.
Your armour is entirely melded.
You are incapable of wielding weapons or throwing items.
((You can breathe bolts of dispelling energy.))
((Your rich purple scales are hard. (AC +8)))
You cannot fit into any form of body armour.
((You are cold-blooded and may be slowed by cold attacks.))


Message History

Press: ? - help, Shift-Dir - straight line, f - boulder beetle
Aim: a boulder beetle The mass of ice explodes!
The iceblast engulfs the boulder beetle!
The boulder beetle is lightly wounded.
You hear a shout! x2
The boulder beetle bites you!
The boulder beetle leaps!
There is an open door here.
The boulder beetle bites you!
The boulder beetle leaps!
A troll comes into view.
The troll shouts!
You pummel the boulder beetle!! You freeze the boulder beetle.
The boulder beetle is heavily wounded.
You hear the loud crackling of a very distant melting archway.
The boulder beetle bites you but does no damage.
The troll bites you! The troll claws you but does no damage.
The troll claws you.
You hit the boulder beetle but do no damage.
The boulder beetle is heavily wounded.
The boulder beetle bites you but does no damage.
The troll bites you! The troll barely misses you. The troll claws you!
You are too injured to fight recklessly!
You are too injured to fight recklessly!
You are too injured to fight recklessly!
Okay, then.
As you read the scroll of teleportation, it crumbles to dust.
You feel strangely unstable. The troll closely misses you. The troll claws you!
The troll claws you but does no damage. The boulder beetle barely misses you.
The boulder beetle attacks as you move away!
The boulder beetle bites you!!
* * * LOW HITPOINT WARNING * * *
The troll attacks as you move away! The troll bites you but does no damage.
The troll misses you. The troll barely misses you.
The troll attacks as you move away! The troll bites you!
* * * LOW HITPOINT WARNING * * *
The troll barely misses you. x2; The troll bites you!
* * * LOW HITPOINT WARNING * * *
The troll misses you. The troll claws you but does no damage.
The boulder beetle bites you!
You die...

##'### #######.####
#.# #...# ##'## #.###
....# ###'######
....#########........#
....'.......+........#
....#########........#
. ....# #....T...#....
....# #...YB.>......
....# #.........#...
....# #........##
....# #####+#### #+###


You could see a boulder beetle and a troll.

Vanquished Creatures
  A boulder beetle (Lair:2)
  2 two-headed ogres
  Pikel (D:9)
  3 manticores
  2 slime creatures (D:12)
  A black mamba (Lair:2)
  A torpor snail (Lair:1)
  3 cane toads
  An unseen horror (D:12)
  2 kobold demonologists (D:12)
  A rime drake (Lair:2)
  A komodo dragon (shapeshifter) (D:10)
  5 komodo dragons
  2 trolls (D:11)
  A polar bear (Lair:2)
  Grinder (D:3)
  Sigmund (D:5)
  29 yaks
  4 wyverns
  A wraith (D:12)
  2 basilisks
  4 vampire mosquitoes (D:12)
  A steam dragon (D:9)
  3 nagas (Lair:2)
  7 water moccasins
  An acid dragon (D:8)
  Edmund (D:5)
  3 sky beasts
  4 black bears
  An ice beast (D:7)
  An ogre (D:4)
  5 centaurs
  2 phantoms
  11 bullfrogs
  2 kobold brigands
  Blork the orc (D:5)
  5 scorpions
  3 wights (D:10)
  19 killer bees
  2 electric eels (D:11)
  5 howler monkeys
  A hound (D:7)
  A jelly (D:5)
  4 orc priests
  3 sleepcaps (D:7)
  2 iguanas
  Natasha (thrice) (D:3)
  7 orc wizards
  7 adders
  5 gnolls
  A shadow imp (D:5)
  A white imp (D:6)
  5 worms
  3 dart slugs
  24 orcs
  6 ball pythons
  7 endoplasms
  3 giant cockroaches
  15 goblins
  11 hobgoblins
  8 jackals
  2 quokkas
  11 bats
  3 frilled lizards
  13 kobolds
  A rat (D:3)
293 creatures vanquished.

Vanquished Creatures (others)
  41 fungi
  62 plants
103 creatures vanquished.

Grand Total: 396 creatures vanquished

Notes
Turn   | Place    | Note
-------+----------+-------------------------------------------
     0 | D:1      | perr the Draconian Transmuter began the quest for the Orb.
     0 | D:1      | Reached XP level 1. HP: 16/16 MP: 3/3
   162 | D:1      | Reached XP level 2. HP: 20/23 MP: 3/5
   562 | D:1      | Reached XP level 3. HP: 29/29 MP: 4/6
  1167 | D:2      | You fall into a shaft and drop 2 floors!
  1248 | D:4      | Reached XP level 4. HP: 5/36 MP: 5/7
  1367 | D:4      | Noticed Natasha
  1389 | D:3      | Killed Natasha
  1660 | D:3      | Reached XP level 5. HP: 29/42 MP: 9/9
  1767 | D:3      | Noticed Natasha
  1835 | D:2      | Learned a level 3 spell: Spider Form
  2015 | D:2      | Found a faded altar of an unknown god.
  2615 | D:3      | Reached skill level 3 in Spellcasting
  2769 | D:3      | Killed Natasha
  3269 | D:3      | Noticed Grinder
  3270 | D:3      | Paralysed by Grinder for 3 turns
  3299 | D:3      | Paralysed by Grinder for 5 turns
  3310 | D:3      | Killed Grinder
  3311 | D:3      | Reached XP level 6. HP: 35/52 MP: 4/11
  3794 | D:3      | Noticed Natasha
  3819 | D:3      | Killed Natasha
  3963 | D:4      | HP: 1/45 [orc priest/+2 mace of draining (2)]
  3965 | D:4      | Your scales start taking on a rich purple colour.
  3965 | D:4      | Reached skill level 4 in Spellcasting
  3965 | D:4      | Reached XP level 7. HP: 11/54 MP: 13/13
  4697 | D:4      | Reached skill level 5 in Unarmed Combat
  4697 | D:4      | Reached skill level 5 in Spellcasting
  5046 | D:5      | Entered Level 5 of the Dungeon
  5078 | D:5      | Noticed Edmund
  5088 | D:5      | Killed Edmund
  5097 | D:5      | Learned a level 4 spell: Ice Form
  5147 | D:5      | Reached skill level 5 in Fighting
  5221 | D:5      | Reached skill level 5 in Transmutations
  5221 | D:5      | Reached XP level 8. HP: 28/68 MP: 9/16
  5453 | D:5      | Noticed Sigmund
  5463 | D:5      | Killed Sigmund
  5464 | D:5      | Reached skill level 6 in Spellcasting
  5472 | D:5      | Noticed Blork the orc
  5481 | D:5      | Killed Blork the orc
  5857 | D:5      | Identified a scroll of acquirement
  5857 | D:5      | Acquired 864 gold pieces
  6726 | D:7      | Reached XP level 9. HP: 78/78 MP: 14/19
  6968 | D:7      | Reached skill level 7 in Spellcasting
  7162 | D:7      | Found a staircase to the Ecumenical Temple.
  7181 | Temple   | Entered the Ecumenical Temple
  7400 | Temple   | Became a worshipper of Cheibriados the Contemplative
  7704 | D:7      | Found an ancient bone altar of Kikubaaqudgha.
  8318 | D:7      | HP: 4/94 [yak (12)]
  8565 | D:8      | Reached skill level 8 in Spellcasting
  8704 | D:8      | Reached * piety under Cheibriados
  8724 | D:8      | Found a staircase to the Lair.
  8762 | D:8      | Noticed a komodo dragon
  8921 | D:8      | Killed a komodo dragon
  8922 | D:8      | Reached XP level 10. HP: 88/88 MP: 17/22
  9501 | D:8      | Noticed a two-headed ogre
  9509 | D:8      | Killed a two-headed ogre
 10037 | D:8      | Reached skill level 9 in Spellcasting
 10179 | D:8      | Reached skill level 11 in Spellcasting
 10179 | D:8      | Reached XP level 11. HP: 99/99 MP: 23/26
 10503 | D:9      | Noticed a two-headed ogre
 10510 | D:9      | Killed a two-headed ogre
 10511 | D:9      | Reached skill level 10 in Fighting
 10566 | D:9      | Reached ** piety under Cheibriados
 11140 | D:9      | Noticed Pikel
 11153 | D:9      | Killed Pikel
 11415 | D:10     | Entered Level 10 of the Dungeon
 11609 | D:10     | Identified the +1 scale mail of Wariness {Int+3 Slay-5
                  | SInv}
 11610 | D:10     | Identified the +4 mace "Iboxaap" {protect, rF+ Str+3 Int-5
                  | Stlth+}
 11702 | D:10     | Reached skill level 10 in Unarmed Combat
 11891 | D:10     | Noticed Boromir's ghost (journeyman MiFi)
 11908 | D:10     | Found a runed translucent door.
 12501 | D:10     | Upgraded the game from 0.30-a0-845-g7c6808c to
                  | 0.30-a0-859-gf88a04b
 12581 | D:11     | Reached *** piety under Cheibriados
 12592 | D:11     | Reached XP level 12. HP: 85/107 MP: 24/27
 13652 | D:11     | Found a staircase to the Orcish Mines.
 13819 | Lair:1   | Entered Level 1 of the Lair of Beasts
 13823 | Lair:1   | Reached skill level 10 in Transmutations
 14007 | Lair:1   | Identified the +4 scimitar "Jituk" {freeze, rC- Int+4}
 14191 | Lair:1   | Reached **** piety under Cheibriados
 14209 | Lair:1   | Reached skill level 12 in Spellcasting
 15386 | Lair:2   | Found a staircase to the Swamp.
 15870 | Lair:2   | Found a staircase to the Snake Pit.
 16138 | Lair:2   | Noticed a boulder beetle
 16157 | Lair:2   | Killed a boulder beetle
 16193 | Lair:2   | Noticed a death yak
 16194 | Lair:2   | Noticed a death yak
 16195 | Lair:2   | Noticed a death yak
 16196 | Lair:2   | Noticed a death yak
 16473 | D:12     | Reached ***** piety under Cheibriados
 16481 | D:12     | HP: 9/198 [manticore (10)]
 16485 | D:12     | Reached skill level 5 in Dodging
 17029 | D:12     | Noticed a boulder beetle
 17043 | D:12     | Slain by a boulder beetle

Illustrated notes

Levels and vault maps discovered:
D:1:      sevenhm_arrival_forest_fort_small_3, layout_loops_ring, serial_forest,
          infiniplex_forest_lined_room_2, infiniplex_forest_lined_3,
          infiniplex_forest_lined_1, infiniplex_forest_clump_tiny,
          infiniplex_forest_clump_tiny, infiniplex_forest_end_double,
          infiniplex_forest_straight_1, infiniplex_forest_lined_ring,
          minmay_pentomino_p2
D:2:      layout_loops_ring, shapermc_ecumenical_altar_totnotflames,
          corner_web_ring, nicolae_wormholes
D:3:      minmay_skewed_foursquare, layout_loops_cross, uniq_grinder
D:4:      layout_loops_ring, uniq_natasha
D:5:      layout_cave_pools, corexii_leaking_fountain, uniq_blork_the_orc,
          uniq_edmund, uniq_sigmund
D:6:      layout_loops_cross
D:7:      layout_gridville, mainiacjoe_overflow_alcove_4,
          minmay_temple_entry_proselytizer
D:8:      layout_basic, due_lair_maze_entry_diamond
D:9:      layout_roguey, grunt_decor_fettered, uniq_pikel
D:10:     layout_basic, hellmonk_ghost_happy_afterlife, minmay_radiant
D:11:     layout_basic, orc_0_dummy
D:12:     layout_roguey, portal_ice_cave_entry_pillars_2
Temple:   roderic_octagonal_lattice_temple
Lair:1:   layout_gridlike, serial_bayou_shore_a, grunt_megastairs_1
Lair:2:   layout_chaotic_city, swamp_mist, nicolae_snake_entry_squirm

Skill      XL: |  1  2  3  4  5  6  7  8  9 10 11 12 |
---------------+-------------------------------------+-----
Fighting       | 2 3 4 5 6 8 9 10 11 | 11.6
Transmutations | 3 4 5 6 7 9 10 | 10.9
Spellcasting   | 3 4 5 6 8 11 12 | 12.6
Unarmed Combat | 4 5 6 7 9 10 11 | 11.1
Dodging        | 2 5 |  5.1

Action                     |  1- 3 |  4- 6 |  7- 9 | 10-12 || total
---------------------------+-------+-------+-------+-------++-------
  Melee: Unarmed           |   106 |   185 |   229 |   391 ||   911
         Kick              |    15 |    14 |       |       ||    29
         Tailslap          |     8 |    13 |     2 |     5 ||    28
         Headbutt          |     5 |     9 |       |       ||    14
         Punch             |       |     2 |       |     1 ||     3
   Cast: Beastly Appendage |    24 |     6 |       |       ||    30
         Spider Form       |       |    35 |    14 |     1 ||    50
         Ice Form          |       |       |    25 |    47 ||    72
  Evoke: Wand              |       |       |     6 |     7 ||    13
    Use: Scroll            |     4 |     8 |     7 |    11 ||    30
         Potion            |       |     4 |     3 |     7 ||    14
   Stab: Sleeping          |     1 |     1 |     2 |       ||     4
         Distracted        |       |       |       |     1 ||     1
 Armour: Skin              |    30 |    26 |    84 |   191 ||   331
  Dodge: Dodged            |    45 |   112 |   124 |   307 ||   588

Table legend: (Time is in decaauts)
 A = Elapsed time spent in this place.
 B = Non-inter-level travel time spent in this place.
 C = Inter-level travel time spent in this place.
 D = Time resting spent in this place.
 E = Time spent auto-exploring this place.
 F = Levels seen in this place.
 G = Mean time per level.
                   A        B        C        D        E       F      G
               +--------+--------+--------+--------+--------+-----+--------+
         Total |  19542 |  18859 |    683 |   2800 |  13705 |  15 | 1302.8 |
       Dungeon |  15769 |  15230 |    539 |   2197 |  11100 |  12 | 1314.1 |
        Temple |    334 |    301 |     33 |      0 |    277 |   1 |  334.0 |
          Lair |   3438 |   3327 |    111 |    603 |   2327 |   2 | 1719.0 |
               +--------+--------+--------+--------+--------+-----+--------+

Top non-repeatable levels by time:
    D:11: 2026 daAuts
     D:8: 1977 daAuts
  Lair:1: 1807 daAuts
    D:10: 1687 daAuts
     D:3: 1663 daAuts
     D:7: 1660 daAuts
  Lair:2: 1631 daAuts
     D:9: 1484 daAuts
     D:4: 1371 daAuts
     D:2: 1041 daAuts
     D:1: 961 daAuts
     D:5: 855 daAuts
     D:6: 770 daAuts
  Temple: 334 daAuts
    D:12: 269 daAuts
